 Dungeon Crawl Stone Soup version 0.16-a0-4092-gb8933cd (console) character file.

88 MarvinPA the Magician (level 4, -3/21 HPs)
             Began as a Spriggan Necromancer on Feb 24, 2015.
             Slain by an orc
             ... wielding a +0 club
              (6 damage)
             ... on level 3 of the Dungeon.
             The game lasted 00:03:30 (2297 turns).

MarvinPA the Magician (Spriggan Necromancer)        Turns: 2297, Time: 00:03:30

Health: -3/21      AC:  2    Str:  4    XL:     4   Next: 30%
Magic:  8/24       EV: 17    Int: 21    God:
Gold:   83         SH:  5    Dex: 17    Spells: 3 memorised, 5 levels left

rFire  . . .     SeeInvis +     a - +0 short sword
rCold  . . .     Clarity  .     n - +0 robe
rNeg   + . .     SustAb   .     k - +0 buckler (curse)
rPois  .         Gourm    .     (helmet restricted)
rElec  .         Spirit   .     (no cloak)
rCorr  .         Warding  +     (gloves unavailable)
rMut   .         Stasis   .     (boots unavailable)
MR     .....                    o - amulet of warding
Stlth  +++.......               s - ring of magical power
                                e - +5 ring of intelligence

@: very slightly contaminated, very quick, not resistant to hostile
enchantments, fairly stealthy
A: unfitting armour, see invisible, herbivore 3, speed 3, slow metabolism 2
a: no special abilities


You were on level 3 of the Dungeon.
You were not hungry.

You visited 1 branch of the dungeon, and saw 3 of its levels.

You collected 83 gold pieces.


Innate Abilities, Weirdness & Mutations

You are tiny and cannot use many weapons and most armour.
You have supernaturally acute eyesight.
You are a herbivore.
You cover ground extremely quickly.
You need consume almost no food.


   Skills:
 - Level 3.0 Dodging
 - Level 3.0 Stealth
 + Level 4.6 Spellcasting
 + Level 4.4 Necromancy


You had 5 spell levels left.
You knew the following spells:

 Your Spells              Type           Power        Failure   Level  Hunger
g - Regeneration          Chrm/Necr      ##........   28%         3    ##.....
x - Vampiric Draining     Necr           ###.......   12%         3    ##.....
z - Pain                  Necr           ###.         3%          1    None

Inventory:

Hand weapons
 a - a +0 short sword (weapon)
Armour
 k - a cursed +0 buckler (worn)
 n - a +0 robe (worn)
Jewellery
 e - a +5 ring of intelligence (left hand)
 f - a +1 ring of slaying
 m - a ring of protection from magic
 o - an amulet of warding (around neck)
 s - a ring of magical power (right hand)
Magical devices
 l - a wand of digging (11)
Scrolls
 h - 2 scrolls of identify {unknown}
 p - a scroll of noise {unknown}
 q - 2 scrolls of remove curse {unknown}
 r - a scroll of teleportation {unknown}
Potions
 d - 2 potions of curing {unknown}
 g - a potion of flight {unknown}
 i - a potion of restore abilities {unknown}
 j - a potion of might {unknown}
Books
 b - a book of Necromancy
Comestibles
 c - a bread ration

Dungeon Overview and Level Annotations

Branches:
Dungeon (3/15)

Altars:

# #.# #..# # #.#
#..#### # #.#
#.....# #
#.#.######.###[# #
#.#....<.....#.#
#.#####.##.#.#.#
#.#.....#..#.#.#
#.#.#####.##.#.#
#.#.# #.##.i.#
#.#.#####...o###
#.............o.o#
###.########.#####
######.# ..#
.......# ...
######.# #### ###


You could see an orc.


Message History

Unknown command.
Aiming: Pain
Aim: an orc priest, wearing a ring mail (severely wounded, chance 81%)
The orc barely resists.
The orc closely misses you.
Unknown command.
Aiming: Pain
Aim: an orc, wearing a leather armour (chance 91%)
The orc convulses in agony!
The orc hits you but does no damage.
Unknown command.
Aiming: Pain
Aim: an orc, wearing a leather armour (severely wounded, chance 91%)
The orc convulses in agony!
You kill the orc!
The orc priest mumbles some strange prayers to Beogh against you.
Pain shoots through your body!
Ouch! That really hurt!
* * * LOW HITPOINT WARNING * * *
Unknown command.
Aiming: Vampiric Draining
Aim: an orc priest, wearing a ring mail (severely wounded)
You kill the orc priest!
You have reached level 4!
You feel life coursing into your body.
You hear a shout!
Aiming: Vampiric Draining
Aim: an orc, wielding a club You miscast Vampiric Draining.
The world around you seems to dim momentarily.
The orc hits you with a club.
You die...

Action                   |  1- 3 |  4- 6 || total
-------------------------+-------+-------++-------
 Cast: Pain              |    69 |       ||    69
       Vampiric Draining |     4 |     1 ||     5

Vault maps used:
D:1:      nagdon_arrival_double_spiral, serial_glass, glass_columns_b,
          glass_columns_a

Notes
Turn   | Place    | Note
--------------------------------------------------------------
     0 | D:1      | MarvinPA, the Spriggan Necromancer, began the quest for the Orb.
     0 | D:1      | Reached XP level 1. HP: 9/9 MP: 4/4
   231 | D:1      | Reached skill level 3 in Spellcasting
   262 | D:1      | Reached XP level 2. HP: 4/13 MP: 0/8
  1246 | D:2      | Reached XP level 3. HP: 13/16 MP: 8/11
  1311 | D:2      | Reached skill level 4 in Necromancy
  1326 | D:2      | Reached skill level 4 in Spellcasting
  1331 | D:2      | Learned a level 3 spell: Vampiric Draining
  1335 | D:2      | Learned a level 3 spell: Regeneration
  2295 | D:3      | HP: 1/16 [orc priest/nerve-wracking pain (10)]
  2296 | D:3      | Reached XP level 4. HP: 1/21 MP: 11/15
  2297 | D:3      | Slain by an orc

Vanquished Creatures
  An orc priest (D:3)
  An adder (D:2)
  A worm (D:2)
  An orc (D:3)
  8 bats
  4 goblins (D:1)
  5 hobgoblins
  A quokka (D:3)
  2 ball pythons (D:2)
  4 giant cockroaches
  5 giant newts
  5 kobolds
  5 rats
43 creatures vanquished.
